Map: Automaton LE

Players

Jozrael - Winner!

  • Race: Terran Terran
  • League: Platinum
  • Spawn Location: 9:00

A.I. 1 (Elite)

  • Race: Protoss Protoss
  • Spawn Location: 3:00

VOD

Have the link to the VOD?

Description

Time

  • Played on: May 19, 2019, 3:51 a.m.
  • Length: 5:40
Show
View Real Time Build Order
Export as new Build Order

Jozrael Terran - Winner!

Build Orders: 1/1/1, Liberator Opening 

Get SALT Encoding   

  12  0:00  SCV  
  13  0:12  SCV  
  14  0:18  Supply Depot  
  14  0:24  SCV  
  15  0:29  Refinery  
  15  0:43  Barracks  
  15  0:47  SCV  
  16  0:55  Refinery  
  16  0:59  SCV  
  17  1:11  SCV  
  18  1:23  SCV  
  19  1:31  Factory  
  19  1:35  Barracks Reactor, SCV  
  20  1:43  Supply Depot  
  20  1:47  SCV  
  21  1:59  SCV  
  22  2:10  Marine  
  22  2:14  Factory Tech Lab  
  23  2:16  Starport  
  23  2:17  Marine  
  24  2:29  Supply Depot  
  25  2:35  Siege Tank  
  27  2:37  Liberator  
  27  2:40  Marine  
  27  2:43  Marine  
  29  2:58  Marine  
  33  3:11  Siege Tank  
  33  3:12  Marine  
  37  3:20  Marine  
  38  3:30  Marine  
  39  3:37  Supply Depot  
  39  3:41  Liberator  
  39  3:58  Marine  
  39  3:59  Hellion  
  45  4:26  Marine  
  45  4:27  Marine  
  47  5:04  Marine  
  47  5:06  Marine  
Show
View Real Time Build Order
Export as new Build Order

A.I. 1 (Elite) Protoss 

Build Orders: 1 Gate Expand 

Get SALT Encoding   

  12  0:00  Probe  
  13  0:13  Probe  
  14  0:21  Pylon  
  14  0:25  Probe  
  15  0:35  Probe  
  16  0:43  Probe  
  17  0:51  Gateway  
  17  0:53  Probe  
  18  1:01  Probe  
  19  1:19  Probe  
  19  1:20  Nexus  
  20  1:31  Probe  
  21  1:39  Pylon  
  21  1:41  Zealot  
  23  1:48  Cybernetics Core  
  23  1:52  Assimilator  
  23  1:57  Probe  
  24  2:09  Probe  
  25  2:20  Probe  
  26  2:25  Pylon  
  26  2:29  Probe  
  26  2:31  Probe  
  26  2:37  Probe, Gateway, Warp Gate  
  29  2:45  Assimilator  
  29  2:46  Probe  
  29  2:50  Stalker  
  30  2:57  Pylon  
  30  2:58  Probe  
  33  3:00  Probe  
  34  3:10  Probe  
  35  3:12  Probe  
  35  3:14  Adept  
  35  3:18  Adept  
  36  3:24  Probe  
  36  3:26  Probe  
  42  3:32  Robotics Facility  
  42  3:36  Probe  
  42  3:38  Probe  
  44  3:44  Adept x2  
  44  3:48  Probe  
  49  3:50  Probe  
  50  4:00  Probe  
  50  4:02  Probe  
  52  4:04  Adept  
  52  4:08  Pylon  
  52  4:10  Forge  
  52  4:12  Adept  
  30  4:42  Stalker  
  31  4:49  Photon Cannon  
  31  4:50  Zealot  
  28  5:07  Stalker  
  28  5:11  Probe  
  20  5:25  Probe  
Tags
 
Add a new tag
Caveats
  • Supply blocks, unpowered buildings, or Contaminate may cause inaccurate times.
  • Supply counts are checked every 10 seconds.